 Dungeon Sprint DCSS version 0.28.0 (webtiles) character file.

Game seed: 9433710566585607554

1 rocky1 the Digger (level 1, -1/10 HPs)
             Began as a Gargoyle Earth Elementalist on Feb 9, 2022.
             Was an Initiate of Sif Muna.
             Slain by a river rat (7 damage)
             ... in the Dungeon (Sprint VII: "The Pits").
             The game lasted 00:00:46 (326 turns).

rocky1 the Digger (Gargoyle Earth Elementalist)      Turns: 326, Time: 00:00:47

Health: -1/10      AC:  4    Str: 11    XL:     1   Next: 20%
Magic:  1/3        EV: 11    Int: 15    God:    Sif Muna [......]
Gold:   0          SH:  0    Dex: 10    Spells: 3/4 levels left

rFire   . . .      SeeInvis .   a - +2 quarterstaff
rCold   . . .      Faith    .   (shield currently unavailable)
rNeg    + . .      Spirit   .   b - +0 robe
rPois   ∞          Reflect  .   (no helmet)
rElec   +          Harm     .   (no cloak)
rCorr   .          Rampage  .   (no gloves)
Will    .....      NoTele   +   (no boots)
Stlth   ++........              (no amulet)
HPRegen 0.03/turn               (no ring)
MPRegen 0.08/turn               (no ring)

@: no status effects
A: sickness immunity, AC +2, negative energy resistance 1, electricity
resistance, torment resistance 1, petrification resistance
a: Renounce Religion


You were in the Dungeon.
You worshipped Sif Muna.
Sif Muna was noncommittal.
You visited 1 branch

Inventory:

Hand Weapons
 a - a +2 quarterstaff (weapon)
Missiles
 i - 36 stones
Armour
 b - a +0 robe (worn)
Scrolls
 h - a scroll of blinking
 k - 5 scrolls of amnesia
 l - a scroll of summoning
Potions
 c - a potion of curing
 d - a potion of heal wounds
 e - a potion of haste
 f - 3 potions of magic
 g - 3 potions of berserk rage
 j - 2 potions of invisibility


   Skills:
 - Level 1.5 Dodging
 - Level 2.1 Stealth
 - Level 2.0 Spellcasting
 - Level 0.7 Transmutations
 + Level 4.5 Earth Magic


You had 3 spell levels left.
You knew the following spells:

 Your Spells              Type           Power      Damage    Failure   Level
a - Sandblast             Erth           30%        2d9       3%          1

Your spell library contained the following spells:

 Spells                   Type           Power      Damage    Failure   Level
 Passwall                 Tmut/Erth      7%         N/A       12%         2
 Stone Arrow              Conj/Erth      16%        3d8       26%         3
 Petrify                  Tmut/Erth      9%         N/A       58%         4


Dungeon Overview and Level Annotations

Branches:
Dungeon (1/1)

Altars:
Ashenzari
Cheibriados
Dithmenos
Elyvilon
Fedhas
Gozag
Hepliaklqana
Kikubaaqudgha
Makhleb
Nemelex Xobeh
Okawaru
Qazlal
Ru
Sif Muna
Trog
Uskayaw
Vehumet
Wu Jian
Xom
Yredelemnul
Zin
The Shining One
Beogh
Jiyva
Lugonu


Innate Abilities, Weirdness & Mutations

You are immune to sickness and miasma.
Your stone body is resilient. (AC +2)
You are immune to poison.
You resist negative energy. (rN+)
You are resistant to electric shocks. (rElec)
You are resistant to unholy torment.
You are immune to petrification.


Message History

Okay, then.
A river rat is nearby!
Casting: Sandblast (safe; 3% risk of failure)
Confirm with . or Enter, or press ? or * to list all spells.
Aiming: Sandblast (safe; 3% risk of failure)
Press: ? - help, Shift-Dir - straight line, f/p - river rat
Aim: a river rat (77% to hit)
The blast of sand hits the river rat but does no damage.
The river rat bites you.
Unknown command.
Casting: Sandblast (safe; 3% risk of failure)
Confirm with . or Enter, or press ? or * to list all spells.
Aiming: Sandblast (safe; 3% risk of failure)
Press: ? - help, Shift-Dir - straight line, f/p - river rat
Aim: a river rat (77% to hit)
The blast of sand misses the river rat.
The river rat bites you but does no damage.
Unknown command.
Magic courses through your body. The river rat closely misses you.
Your magical contamination has completely faded away.
Unknown command.
Casting: Sandblast (safe; 3% risk of failure)
Confirm with . or Enter, or press ? or * to list all spells.
Aiming: Sandblast (safe; 3% risk of failure)
Press: ? - help, Shift-Dir - straight line, f/p - river rat
Aim: a river rat (77% to hit)
The blast of sand hits the river rat.
The river rat is heavily wounded.
The river rat closely misses you.
Unknown command.
Casting: Sandblast (safe; 3% risk of failure)
Confirm with . or Enter, or press ? or * to list all spells.
Aiming: Sandblast (safe; 3% risk of failure)
Press: ? - help, Shift-Dir - straight line, f/p - river rat
Aim: a river rat (heavily wounded, 77% to hit)
The blast of sand hits the river rat but does no damage.
The river rat is heavily wounded.
The river rat bites you!
Ouch! That really hurt!
You die...

###########
_________.#
_________.#
_______...###########
##########'##.........
#.?..')))'.##......#..
##########.##.........
#....@r...).'.........
#+#####'#####......#..
...+ #......... #G..#
####'##### #####
#.......# #.......#
#.......# #...<...#
#.......#


You could see a river rat.

Vanquished Creatures
  A goblin (D)
1 creature vanquished.

Notes
Turn   | Place    | Note
-------+----------+-------------------------------------------
     0 | D        | rocky1 the Gargoyle Earth Elementalist began the quest for
                  | the Orb.
     0 | D        | Reached XP level 1. HP: 10/10 MP: 3/3
    19 | D        | Reached skill level 4 in Earth Magic
   269 | D        | Found a bloodstained altar of Trog.
   269 | D        | Found a shimmering blue altar of Sif Muna.
   269 | D        | Found a viscous altar of Jiyva.
   269 | D        | Found a hazy altar of Hepliaklqana.
   269 | D        | Found an opulent altar of Gozag.
   270 | D        | Found a glowing golden altar of the Shining One.
   270 | D        | Found a glowing silver altar of Zin.
   270 | D        | Found a basalt altar of Yredelemnul.
   270 | D        | Found a shimmering altar of Xom.
   270 | D        | Found an ornate altar of the Wu Jian Council.
   270 | D        | Found a sacrificial altar of Ru.
   270 | D        | Found a stormy altar of Qazlal.
   270 | D        | Found an iron altar of Okawaru.
   270 | D        | Found a sparkling altar of Nemelex Xobeh.
   270 | D        | Found a burning altar of Makhleb.
   270 | D        | Found a blossoming altar of Fedhas.
   270 | D        | Found a white marble altar of Elyvilon.
   270 | D        | Found a shadowy altar of Dithmenos.
   270 | D        | Found a snail-covered altar of Cheibriados.
   273 | D        | Found a corrupted altar of Lugonu.
   273 | D        | Found a radiant altar of Vehumet.
   274 | D        | Found an ancient bone altar of Kikubaaqudgha.
   274 | D        | Found a hide-covered altar of Uskayaw.
   274 | D        | Found a broken altar of Ashenzari.
   275 | D        | Became a worshipper of Sif Muna the Loreminder
   315 | D        | Noticed a floating eye
   326 | D        | Slain by a river rat

Illustrated notes

Levels and vault maps discovered:
D:        pitsprint [storerooms_1, entrance_room_1, metal_vault_8, armoury_2,
          mini_pit_1, grid_room_1, main_hall_1, silver_pit, the_coven_2,
          the_vestibule_1, steel_vault_2, golden_pit, hallway_of_sentries,
          crystal_vault_6, iron_vault_3, final_vault]

Skill      XL: |  1 |
---------------+----+-----
Earth Magic    | 4 |  4.5
Dodging        | |  1.5
Stealth        | |  2.1
Spellcasting   | |  2.0
Transmutations | |  0.7

Action                   || total
-------------------------++-------
Melee: Unarmed           ||     5
 Cast: Sandblast         ||     4
  Use: Potion            ||     1
 Stab: Sleeping          ||     1
Armor: Robe              ||     2
Dodge: Dodged            ||     2
